AoeStats
← D0g_delacroix

Arabia

505390942Analyzed
1v1 RM · 25d ago on Sep 9, 2026· 14m 49s· 2 players
Game mode
Random Map
Map size
Tiny (2 player)
Population
200
Speed
Normal
Resources
Standard
Victory
Conquest
Starting age
Dark Age
Ending age
Imperial Age
RankedLock teamsTeams togetherTeam positionsShared explorationLock speedFull tech treeHidden civsTurbo modeCheats
Victory
Defeat
🇪🇨 Mongols · Ecuador
1014
+15
🇮🇳 Ethiopians · India
1001
-42
D0g_delacroix
15:09 Feudal Age
14:33 Loom
Frank_alv10
6:25 Loom
8:19 Feudal Age
9:00 Double-Bit Axe
10:56 Horse Collar
13:40 Fletching
14:01 Forging
15:25 Scale Barding Armor
Connection lost

Rejoining the realm…

Still unreachable

The connection could not be restored.

Session expired

The server has moved on; the page needs a fresh start.